 Dungeon Crawl Stone Soup version 0.29.1-1-gd02db6906a (webtiles) character file.

Game seed: 9025755824818337417

13740 nmsoi the Thaumaturge (level 11, -9/75 HPs)
             Began as a Demonspawn Conjurer on Oct 22, 2022.
             Was an Initiate of Gozag.
             Hit by a large rock thrown by a cyclops (39 damage)
             ... on level 11 of the Dungeon.
             The game lasted 00:59:46 (14782 turns).

nmsoi the Thaumaturge (Demonspawn Conjurer)        Turns: 14782, Time: 00:59:47

Health: -9/75      AC:  7    Str:  7    XL:     11   Next: 79%
Magic:  0/26       EV: 16    Int: 24    God:    Gozag
Gold:   1808       SH:  0    Dex: 12    Spells: 19/33 levels left

rFire   + . .      SeeInvis .   X - +2 short sword (flame)
rCold   . . .      Faith    .   (no shield)
rNeg    . . .      Spirit   +   a - +0 robe
rPois   .          Reflect  .   i - +2 hat
rElec   .          Harm     .   U - +0 cloak
rCorr   .          Rampage  .   I - +0 pair of gloves
Will    .....                   V - +0 pair of boots
Stlth   ++........              (no amulet)
HPRegen 0.22/turn               C - ring of protection from fire
MPRegen 0.40/turn               D - +4 ring of evasion

@: mighty, marked, gold aura, very slightly contaminated, studying Summonings
A: powered by pain 1, magic shield, magic regeneration, sturdy frame 1, demonic
touch 2
a: Renounce Religion, Potion Petition, Call Merchant, Bribe Branch


You were on level 11 of the Dungeon.
You worshipped Gozag.
Gozag was most pleased with you.
You visited 2 branches of the dungeon, and saw 12 of its levels.
You also visited: Sewer.

You collected 1841 gold pieces.
You paid 33 gold pieces to Gozag.


Innate Abilities, Weirdness & Mutations

You sometimes gain a little power by taking damage.
When hurt, damage is shared between your health and your magic reserves.
You regenerate magic rapidly.
Your movements are slightly less encumbered by armour. (ER -2)
Your touch may inflict irresistible damage on your foes.


   Skills:
 - Level 3.0 Fighting
 - Level 3.0 Dodging
 - Level 1.7 Stealth
 + Level 11.5 Spellcasting
 - Level 9.0 Conjurations
 + Level 6.6 Hexes
 - Level 10.0 Summonings
 - Level 5.0 Translocations
 - Level 3.0 Evocations


You had 19 spell levels left.
You knew the following spells:

 Your Spells              Type           Power      Damage    Failure   Level
a - Magic Dart            Conj           100%       1d8       1%          1
b - Searing Ray           Conj           100%       2d8       1%          2
c - Fulminant Prism       Conj/Hex       25%        3d14      1%          4
d - Iskenderun's Mystic   Conj/Tloc      47%        2d10      2%          4
e - Call Canine Familiar  Summ           58%        N/A       1%          3

Your spell library contained the following spells:

 Spells                   Type           Power      Damage    Failure   Level
 Apportation              Tloc           74%        N/A       1%          1
 Summon Small Mammal      Summ           100%       N/A       1%          1
 Dazzling Flash           Conj/Hex       100%       N/A       1%          3
 Gell's Gravitas          Tloc           37%        N/A       1%          3
 Lesser Beckoning         Tloc           37%        N/A       1%          3
 Summon Guardian Golem    Hex/Summ       52%        N/A       1%          3
 Teleport Other           Tloc           37%        N/A       1%          3
 Necrotise                Necr           52%        1d6       4%          1

Inventory:

Hand Weapons
 X - a +2 short sword of flaming (weapon)
Missiles
 A - 28 poisoned darts (quivered)
 H - 2 javelins
 N - 3 silver boomerangs
 T - 3 curare-tipped darts {=f}
Armour
 a - a +0 robe (worn)
 i - a +2 hat (worn)
 I - a +0 pair of gloves (worn)
 U - a +0 cloak (worn)
 V - a +0 pair of boots (worn)
Jewellery
 l - a ring of see invisible
 p - a ring of fire
 C - a ring of protection from fire (left hand)
 D - a +4 ring of evasion (right hand)
 M - a +6 ring of dexterity
 Y - a ring of resist corrosion
Wands
 g - a wand of mindburst (3)
 B - a wand of flame (8)
 J - a wand of paralysis (8)
 P - a wand of polymorph (8)
 Q - a wand of light (5)
 R - a wand of roots (9)
Scrolls
 c - 5 scrolls of teleportation {@r2}
 f - a scroll of vulnerability {unknown}
 h - 3 scrolls of immolation {unknown}
 m - 2 scrolls of enchant armour {unknown}
 o - 2 scrolls of noise {unknown}
 s - a scroll of poison {unknown}
 u - a scroll of enchant weapon {unknown}
 v - a scroll of amnesia {unknown}
 w - 2 scrolls of blinking {unknown}
 x - a scroll of fog {unknown}
 y - 2 scrolls of brand weapon {unknown}
 z - 3 scrolls of summoning {unknown}
 F - 2 scrolls of magic mapping {unknown}
 G - a scroll of fear {unknown}
Potions
 b - 2 potions of magic
 d - a potion of cancellation {unknown}
 e - 5 potions of curing {@q1}
 j - 2 potions of lignification
 k - a potion of mutation {unknown}
 n - a potion of haste {@q3}
 q - a potion of resistance {unknown}
 r - a potion of berserk rage {unknown}
 t - a potion of invisibility
 E - a potion of ambrosia
 K - 4 potions of brilliance
 L - a potion of flight {unknown}
 O - 2 potions of attraction
 S - a potion of heal wounds {@q2}
 W - 2 potions of degeneration {unknown}

Dungeon Overview and Level Annotations

Branches:
Dungeon (11/15)            Temple (1/1) D:4            Lair (0/5) D:9
    Orc (0/2) D:10          Sewer (visited)

Altars:
Ashenzari
Cheibriados
Dithmenos
Fedhas
Gozag
Hepliaklqana
Kikubaaqudgha
Makhleb
Nemelex Xobeh
Okawaru
Qazlal
Ru
Sif Muna
Trog
Uskayaw
Vehumet
Wu Jian
Xom
Yredelemnul

Shops:
D:6 ?   D:7 (*   D:9 *

Annotations:
D:9 3 runed translucent doors, exclusions: oklob plant and oklob sapling, MisterFreud's ghost, novice FoGl

# $ # #. #C#.# # #.#
#.#.# # .. #.# #.#.# #
###.###.# #.#.# #
.....y.# #.#.#
#####.#.###.###.#.#
...........§$$y...##.###
..... #....$yWDy@.......
#######.###.########.###
.5.§.K......#
#######.###.#
......D.O...#
#######.###.# #.# #.#
#.# #.# ### ###


You could see a cyclops, a wraith, an acid dragon (catching breath, rooted) and
3 vampire mosquitoes.


Message History

The wraith is distracted by your dazzling golden aura.
A vampire mosquito comes into view.
You feel a little less agile now.
The grasping roots constrict the acid dragon.
The grasping roots constrict the vampire mosquito!
The wraith is no longer distracted by gold.
The vampire mosquito struggles to escape constriction.
The acid dragon escapes!
The vampire mosquito escapes!
A vampire mosquito comes into view.
The cyclops throws a large rock.
The large rock misses you.
Aiming: Fastroot
Press: ? - help, Q - select action, (/) - cycle Shift-Dir - straight line, f - acid dragon
Aim: an acid dragon (moderately wounded)
The roots erupt in riotous growth!
Roots grab the acid dragon.
The wraith is unaffected.
Roots grab the vampire mosquito.
The grasping roots constrict the acid dragon.
The grasping roots constrict the vampire mosquito.
The vampire mosquito struggles to escape constriction.
The acid dragon spits acid at you. The splash of acid hits you!!
* * * LOW HITPOINT WARNING * * *
You focus on the pain.
You feel very mighty all of a sudden.
The vampire mosquito escapes!
The cyclops throws a large rock.
The large rock hits you!!!
Ouch! That really hurt!
You die...
Your body crumbles into a pile of gold.

Skill      XL: |  1  2  3  4  5  6  7  8  9 10 11 |
---------------+----------------------------------+-----
Spellcasting   | 3 4 5 6 8 9 10 11 | 11.5
Conjurations   | 5 6 7 9 |  9.0
Translocations | 1 2 4 5 |  5.0
Summonings     | 2 8 10 | 10.0
Dodging        | 3 |  3.0
Fighting       | 3 |  3.0
Hexes          | 2 6 |  6.6
Evocations     | 2 3 |  3.0
Stealth        | |  1.7

Action                   |  1- 3 |  4- 6 |  7- 9 | 10-12 || total
-------------------------+-------+-------+-------+-------++-------
Melee: Dagger            |     1 |    12 |    14 |    14 ||    41
       Unarmed           |     1 |       |       |       ||     1
       Touch             |       |       |     4 |    11 ||    15
       Short sword       |       |       |       |    29 ||    29
       Punch             |       |       |       |     1 ||     1
Throw: Dart              |       |     1 |     5 |    10 ||    16
       Javelin           |       |       |     1 |       ||     1
 Cast: Magic Dart        |    67 |   106 |   183 |    68 ||   424
       Searing Ray       |     2 |    14 |    67 |    42 ||   125
       Iskenderun's Myst |       |       |     6 |    22 ||    28
       Call Canine Famil |       |       |     1 |       ||     1
       Fulminant Prism   |       |       |       |    20 ||    20
Evoke: Wand              |       |       |     2 |     8 ||    10
  Use: Potion            |       |     1 |     1 |       ||     2
       Scroll            |       |       |     5 |     3 ||     8
 Stab: Sleeping          |       |       |       |     1 ||     1
Armor: Robe              |     4 |     8 |    15 |    31 ||    58
Dodge: Dodged            |     5 |    12 |    92 |   103 ||   212

Levels and vault maps discovered:
D:1:      dpeg_chamrin_arrival_tetris, layout_loops_ring,
          hellmonk_ecumenical_altar_crossroads
D:2:      layout_loops_ring
D:3:      layout_loops_corners, gup_sewer_entry_bowl
D:4:      layout_rooms, gammafunk_temple_overflow_pools,
          minmay_temple_entry_butterflies, nicolae_grassy_gnolls, uniq_grinder
D:5:      nicolae_cairo_tiling_large, layout_loops_ring,
          nicolae_wu_jian_immortal_techniques, lemuel_round_altar, st_stairs_11,
          chequers_serial_rivers_micro_c
D:6:      layout_cave_pools, serial_bayou, serial_bayou_crossing,
          serial_bayou_shore_a, serial_bayou_lagoon_b, serial_bayou_pond_b,
          serial_bayou_shore_b, serial_shops, nicolae_shop_stone,
          uniq_crazy_yiuf_cottage, uniq_duvessa, uniq_edmund, uniq_eustachio
D:7:      layout_rooms, serial_shops, nicolae_lakefront_shop,
          nicolae_shop_gadgets
D:8:      layout_basic, elyvilon_altar_3, nicolae_straight_to_the_point,
          uniq_grum, uniq_joseph, uniq_gastronok
D:9:      layout_irregular_city, mainiacjoe_overflow_chevrons,
          nicolae_qazlal_general_emergency, kiku_gazebo_pond_becter,
          dpeg_oklobed_lair, ebering_ghost_gozag, introduction_to_nature_1,
          uniq_psyche
D:10:     layout_cave_pools, david_orc_3, amethyst_killhole, uniq_maggie
D:11:     layout_basic, small_chamber_with_monster, uniq_harold, uniq_lodul,
          uniq_erolcha
Temple:   dpeg_chambers_temple

Notes
Turn   | Place    | Note
-------+----------+-------------------------------------------
     0 | D:1      | nmsoi the Demonspawn Conjurer began the quest for the Orb.
     0 | D:1      | Reached XP level 1. HP: 13/13 MP: 3/3
   173 | D:1      | Found a faded altar of an unknown god.
   247 | D:1      | Gained mutation: You regenerate magic rapidly. [demonic
                  | ancestry]
   247 | D:1      | Reached XP level 2. HP: 19/19 MP: 0/5
   800 | D:1      | Reached skill level 3 in Spellcasting
   800 | D:1      | Reached XP level 3. HP: 24/24 MP: 4/7
   901 | D:1      | Learned a level 2 spell: Searing Ray
  1421 | D:2      | Reached XP level 4. HP: 30/30 MP: 4/9
  2216 | D:3      | Found a glowing drain.
  2220 | Sewer    | Entered a sewer
  2235 | Sewer    | Noticed a kobold brigand
  2243 | Sewer    | Killed a kobold brigand
  2244 | Sewer    | Reached skill level 4 in Spellcasting
  2244 | Sewer    | Reached skill level 5 in Conjurations
  2244 | Sewer    | Gained mutation: You sometimes gain a little power by
                  | taking damage. [demonic ancestry]
  2244 | Sewer    | Reached XP level 5. HP: 35/35 MP: 0/11
  2725 | Sewer    | Reached skill level 5 in Spellcasting
  2725 | Sewer    | Reached XP level 6. HP: 18/41 MP: 11/13
  3384 | Sewer    | Learned a level 4 spell: Fulminant Prism
  3389 | Sewer    | Learned a level 4 spell: Iskenderun's Mystic Blast
  4249 | D:4      | Found a staircase to the Ecumenical Temple.
  4261 | Temple   | Entered the Ecumenical Temple
  4508 | Temple   | Became a worshipper of Gozag Ym Sagoz the Greedy
  4558 | D:4      | Noticed Grinder
  4567 | D:4      | Paralysed by Grinder for 5 turns
  4576 | D:4      | Killed Grinder
  4577 | D:4      | Reached skill level 1 in Translocations
  4577 | D:4      | Gained mutation: When hurt, damage is shared between your
                  | health and your magic reserves. [demonic ancestry]
  4577 | D:4      | Reached XP level 7. HP: 12/46 MP: 0/15
  4851 | Temple   | Reached skill level 6 in Spellcasting
  4892 | D:4      | Reached skill level 6 in Conjurations
  4892 | D:4      | Reached skill level 2 in Translocations
  5600 | D:4      | Found a snail-covered altar of Cheibriados.
  5601 | D:4      | Found a radiant altar of Vehumet.
  5640 | D:5      | Entered Level 5 of the Dungeon
  5757 | D:5      | Found a hide-covered altar of Uskayaw.
  5846 | D:5      | Gained mutation: Your touch may inflict minor irresistible
                  | damage on your foes. [demonic ancestry]
  5846 | D:5      | Reached XP level 8. HP: 52/52 MP: 14/18
  5883 | D:5      | Reached skill level 3 in Translocations
  5889 | D:5      | Reached skill level 7 in Spellcasting
  7049 | D:5      | Found an ornate altar of the Wu Jian Council.
  7108 | D:6      | Found Tuceasix's Magic Scroll Boutique.
  7138 | D:6      | Reached skill level 7 in Conjurations
  7297 | D:6      | Reached skill level 1 in Summonings
  7349 | D:6      | Reached skill level 2 in Summonings
  7349 | D:6      | Reached skill level 4 in Translocations
  7377 | D:6      | Reached skill level 8 in Spellcasting
  7524 | D:6      | Noticed Edmund
  7642 | D:6      | Noticed Dowan
  7673 | D:6      | Gained mutation: Your touch may inflict irresistible damage
                  | on your foes. [demonic ancestry]
  7673 | D:6      | Reached XP level 9. HP: 38/57 MP: 9/21
  7680 | D:6      | Noticed Eustachio
  7846 | D:6      | Killed Eustachio
  7847 | D:6      | Reached skill level 3 in Summonings
  7924 | D:6      | Noticed Duvessa
  7946 | D:6      | Killed Duvessa
  7953 | D:6      | Killed Dowan
  8541 | D:6      | Learned a level 3 spell: Call Canine Familiar
  8642 | D:7      | Reached skill level 4 in Summonings
  8821 | D:7      | Reached skill level 9 in Spellcasting
  8824 | D:7      | Reached skill level 5 in Summonings
  8941 | D:7      | Found Sischif's Gadget Gallery.
  9095 | D:7      | Reached skill level 8 in Conjurations
  9194 | D:7      | Reached skill level 6 in Summonings
  9330 | D:7      | Found Zarywyic's Weapon Boutique.
  9564 | D:8      | Reached skill level 7 in Summonings
  9916 | D:8      | Noticed Joseph
  9965 | D:8      | Killed Joseph
  9966 | D:8      | Reached skill level 9 in Conjurations
  9966 | D:8      | Reached skill level 8 in Summonings
 10144 | D:8      | Noticed Grum
 10151 | D:8      | Gained mutation: Your movements are slightly less
                  | encumbered by armour. (ER -2) [demonic ancestry]
 10151 | D:8      | Reached XP level 10. HP: 59/63 MP: 17/23
 10153 | D:8      | Reached skill level 2 in Dodging
 10160 | D:8      | Killed Grum
 10161 | D:8      | Reached skill level 1 in Fighting
 10499 | D:8      | Noticed Gastronok
 10835 | D:6      | Killed Edmund
 10864 | D:6      | Found a runed translucent door.
 10865 | D:6      | Noticed Crazy Yiuf
 10871 | D:6      | Killed Crazy Yiuf
 11174 | D:9      | Found a stormy altar of Qazlal.
 11236 | D:9      | Found a sacrificial altar of Ru.
 11267 | D:9      | Noticed Psyche
 11278 | D:9      | Killed Psyche
 11279 | D:9      | Reached skill level 2 in Fighting
 11303 | D:9      | Noticed a two-headed ogre
 11315 | D:9      | Killed a two-headed ogre
 11316 | D:9      | Reached skill level 3 in Fighting
 11316 | D:9      | Reached skill level 3 in Dodging
 11316 | D:9      | Reached skill level 9 in Summonings
 11360 | D:9      | Reached skill level 5 in Translocations
 11597 | D:9      | Reached skill level 10 in Summonings
 11650 | D:9      | Found a staircase to the Lair.
 11710 | D:9      | Noticed a two-headed ogre
 11719 | D:9      | Killed a two-headed ogre
 11720 | D:9      | Reached skill level 1 in Hexes
 11720 | D:9      | Reached skill level 1 in Evocations
 11856 | D:9      | Reached skill level 2 in Hexes
 11859 | D:9      | Reached skill level 10 in Spellcasting
 11859 | D:9      | Reached skill level 2 in Evocations
 11875 | D:9      | Reached XP level 11. HP: 40/75 MP: 8/25
 12233 | D:9      | Found a runed translucent gate.
 12233 | D:9      | Noticed MisterFreud's ghost (novice FoGl)
 12234 | D:9      | Found a runed translucent gate.
 12234 | D:9      | Found an opulent altar of Gozag.
 12234 | D:9      | Found a runed translucent gate.
 12234 | D:9      | Noticed a two-headed ogre
 12235 | D:9      | Noticed a red ugly thing
 12236 | D:9      | Found Osken's Assorted Antiques.
 12275 | D:9      | Found an ancient bone altar of Kikubaaqudgha.
 12474 | D:9      | Noticed an oklob plant
 12919 | D:10     | Entered Level 10 of the Dungeon
 12919 | D:10     | Found a staircase to the Orcish Mines.
 12921 | D:10     | Noticed Maggie
 12928 | D:10     | Killed Maggie
 12929 | D:10     | Reached skill level 3 in Hexes
 12929 | D:10     | Reached skill level 3 in Evocations
 13167 | D:8      | Killed Gastronok
 13168 | D:8      | Reached skill level 4 in Hexes
 14248 | D:11     | Noticed Erolcha
 14256 | D:11     | Killed Erolcha
 14257 | D:11     | Reached skill level 11 in Spellcasting
 14257 | D:11     | Reached skill level 5 in Hexes
 14620 | D:11     | Reached skill level 6 in Hexes
 14729 | D:11     | Noticed Harold
 14776 | D:11     | Killed Harold
 14782 | D:11     | Hit by a large rock thrown by a cyclops

Vanquished Creatures
  Gastronok (D:8)
  Harold (D:11)
  Erolcha (D:11)
  2 two-headed ogres (D:9)
  A manticore (D:11)
  Joseph (D:8)
  3 kobold demonologists
  Psyche (D:9)
  Maggie (D:10)
  Grinder (D:4)
  A hornet (D:9)
  A wraith (D:10)
  9 yaks
  2 wyverns
  A vampire (D:11)
  Grum (D:8)
  Eustachio (D:6)
  A warg (D:10)
  Edmund (D:6)
  A water moccasin (D:9)
  Duvessa (D:6)
  An orc warrior (D:5)
  An ice beast (D:7)
  4 wolves (D:8)
  4 centaurs
  9 ogres
  5 phantoms
  5 kobold brigands
  4 bullfrogs
  A necrophage (D:5)
  A gnoll sergeant (D:4)
  4 scorpions
  9 wights
  Dowan (D:6)
  4 killer bees (D:9)
  4 electric eels (D:6)
  10 howler monkeys
  3 hounds
  Crazy Yiuf (D:6)
  2 jellies
  8 orc priests
  A gnoll bouda (D:7)
  3 iguanas
  7 orc wizards
  11 gnolls
  20 adders
  2 river rats (Sewer)
  3 white imps
  An ufetubus (D:5)
  4 worms
  A dart slug (D:2)
  26 orcs
  15 ball pythons
  10 endoplasms
  2 giant cockroaches
  11 goblins
  10 hobgoblins
  7 jackals
  17 kobolds
  5 quokkas
  A bat (D:3)
  7 frilled lizards
  8 rats
286 creatures vanquished.

Vanquished Creatures (collateral kills)
  2 orc wizards (D:8)
  An orc (D:8)
3 creatures vanquished.

Vanquished Creatures (others)
  An orc wizard (D:8)
  20 fulminant prisms
  14 fungi (D:9)
  81 plants
116 creatures vanquished.

Grand Total: 405 creatures vanquished

Table legend: (Time is in decaauts)
 A = Elapsed time spent in this place.
 B = Non-inter-level travel time spent in this place.
 C = Inter-level travel time spent in this place.
 D = Time resting spent in this place.
 E = Time spent auto-exploring this place.
 F = Levels seen in this place.
 G = Mean time per level.
                   A        B        C        D        E       F      G
               +--------+--------+--------+--------+--------+-----+--------+
         Total |  15019 |  14221 |    798 |    732 |  11082 |  13 | 1155.3 |
       Dungeon |  13080 |  12344 |    736 |    454 |   9834 |  11 | 1189.1 |
        Temple |    569 |    507 |     62 |    213 |    253 |   1 |  569.0 |
         Sewer |   1369 |   1369 |      0 |     65 |    994 |   1 | 1369.0 |
               +--------+--------+--------+--------+--------+-----+--------+

Top non-repeatable levels by time:
     D:9: 2373 daAuts
     D:5: 1609 daAuts
     D:8: 1515 daAuts
     D:6: 1463 daAuts
   Sewer: 1369 daAuts
     D:3: 1286 daAuts
     D:1: 1031 daAuts
     D:7: 933 daAuts
    D:10: 874 daAuts
     D:2: 825 daAuts
     D:4: 758 daAuts
  Temple: 569 daAuts
    D:11: 409 daAuts

Table legend:
 A = Non-vault XP
 B = Vault XP
 C = Vault XP percentage of total XP
 D = Non-vault monster count
 E = Vault monster count
 F = Vault count percentage of total count
                 A         B        C        D         E       F
            +---------+---------+-------+---------+---------+-------
      Total |   11088 |    8541 |  43.5 |     202 |      88 |  30.3
            +---------+---------+-------+---------+---------+-------
        D:1 |      47 |       0 |   0.0 |      20 |       0 |   0.0
        D:2 |      74 |       0 |   0.0 |      19 |       0 |   0.0
        D:3 |      39 |       6 |  13.3 |      20 |       4 |  16.7
        D:4 |     197 |     411 |  67.6 |      19 |       5 |  20.8
        D:5 |     832 |      58 |   6.5 |      20 |       3 |  13.0
        D:6 |     735 |     711 |  49.2 |      19 |       7 |  26.9
        D:7 |    1203 |       0 |   0.0 |      21 |       0 |   0.0
        D:8 |     554 |    2605 |  82.5 |      14 |       7 |  33.3
        D:9 |    4382 |     658 |  13.1 |      25 |      15 |  37.5
       D:10 |    1885 |     665 |  26.1 |      18 |       9 |  33.3
       D:11 |    1031 |    3134 |  75.2 |       5 |      10 |  66.7
     Temple |     109 |       0 |   0.0 |       2 |       0 |   0.0
      Sewer |       0 |     293 | 100.0 |       0 |      28 | 100.0
            +---------+---------+-------+---------+---------+-------
